 Dungeon Crawl Stone Soup version 0.20-a0-1025-g4706f7e (webtiles) character file.

203 Megalobster the Magician (level 5, -11/28 HPs)
             Began as a Deep Elf Wizard on Apr 19, 2017.
             Mangled by Nico3ck's ghost (16 damage)
             ... on level 4 of the Dungeon.
             The game lasted 00:23:23 (3729 turns).

Megalobster the Magician (Deep Elf Wizard)          Turns: 3729, Time: 00:23:24

Health: -11/28     AC: 10    Str:  4    XL:     5   Next: 51%
Magic:  7/14       EV: 13    Int: 24    God:
Gold:   132        SH:  0    Dex: 13    Spells: 1/14 levels left

rFire    . . .     SeeInvis +   a - +2 short sword (protect)
rCold    . . .     Gourm    .   (no shield)
rNeg     . . .     Faith    .   e - +0 robe
rPois    .         Spirit   .   r - +0 hat
rElec    .         Reflect  .   x - +0 cloak
rCorr    .         Harm     .   (no gloves)
MR       .....                  (no boots)
Stlth    ++........             (no amulet)
Regen    0.1/turn               (no ring)
MPRegen  0.2/turn               w - ring of see invisible

@: protection aura
A: no striking features
a: no special abilities


You were on level 4 of the Dungeon.
You were not hungry.

You visited 1 branch of the dungeon, and saw 4 of its levels.

You collected 132 gold pieces.

Inventory:

Hand Weapons
 a - a +2 short sword of protection (weapon)
 b - a +0 hunting sling
 y - a +0 dagger
Missiles
 i - 88 stones (quivered)
 j - 56 sling bullets
 q - 8 poisoned tomahawks
 t - 2 javelins
Armour
 e - a +0 robe (worn)
 r - a +0 hat (worn)
 v - a +0 shield
 x - a +0 cloak (worn)
Jewellery
 w - a ring of see invisible (right hand)
Scrolls
 h - 2 scrolls of teleportation {unknown}
 o - 2 scrolls of identify
 p - 2 scrolls of enchant armour
 s - 2 scrolls of remove curse
Potions
 g - a potion of agility {unknown}
 k - 2 potions of might {unknown}
 l - a potion of mutation {unknown}
 m - 2 potions of curing {unknown}
 n - 3 potions of heal wounds {unknown}
Books
 c - a book of Minor Magic

   Spells                             Type                      Level
   a - Magic Dart                     Conjuration                  1
   b - Blink                          Translocation                2
   c - Call Imp                       Summoning                    2
   d - Slow                           Hexes                        2
   e - Conjure Flame                  Conjuration/Fire             3
   f - Mephitic Cloud                 Conjuration/Poison/Air       3
Comestibles
 d - 4 bread rations
 u - 2 meat rations


   Skills:
 + Level 0.1 Fighting
 - Level 2.4 Dodging
 - Level 2.8 Stealth
 + Level 0.7 Shields
 + Level 5.2 Spellcasting
 * Level 3.5 Conjurations
 + Level 2.4 Summonings
 - Level 1.1 Translocations
 + Level 0.4 Fire Magic
 + Level 2.1 Air Magic


You had one spell level left.
You knew the following spells:

 Your Spells              Type           Power        Failure   Level  Hunger
a - Magic Dart            Conj           ###.         1%          1    None
b - Call Imp              Summ           ###.....     4%          2    None
c - Mephitic Cloud        Conj/Pois/Air  ###.....     12%         3    ##.....
d - Conjure Flame         Conj/Fire      ###.....     11%         3    ##.....
e - Blink                 Tloc           N/A          9%          2    None
f - Slow                  Hex            #.......     13%         2    None


Dungeon Overview and Level Annotations

Branches:
Dungeon (4/15)
 Temple: D:4-7

Altars:
Gozag

Annotations:
D:4 Nico3ck's ghost, amateur GrFi


Message History

The orc wizard appears confused.
You hit Nico3ck's ghost.
Nico3ck's ghost is lightly damaged.
Nico3ck's ghost hits you but does no damage.
You hit Nico3ck's ghost but do no damage.
Nico3ck's ghost is lightly damaged.
Nico3ck's ghost hits you!
You hit Nico3ck's ghost.
Nico3ck's ghost is lightly damaged.
Nico3ck's ghost hits you.
* * * LOW HITPOINT WARNING * * *
You hit Nico3ck's ghost but do no damage.
Nico3ck's ghost is lightly damaged.
Nico3ck's ghost barely misses you. Nico3ck's ghost hits you.
* * * LOW HITPOINT WARNING * * *
You hit Nico3ck's ghost.
Nico3ck's ghost is lightly damaged.
Nico3ck's ghost hits you!
Ouch! That really hurt!
You die...

#..........##
#...........#
#...........#
#...........#######
#..........<.....##
##.[..............##
##................#
#.).#..oW.(........#
#...###.(.@..........#
(.....((.............#
). ####..............#
. ##............##
##..........##
############


You could see an orc wizard (confused) and Nico3ck's ghost.

Vanquished Creatures
  An orc priest (D:3)
  An orc wizard (D:3)
  5 adders
  3 worms (D:3)
  4 dart slugs
  11 orcs
  A ball python (D:3)
  8 goblins
  9 hobgoblins
  8 jackals
  9 kobolds
  8 bats
  5 frilled lizards
  5 rats
78 creatures vanquished.

Vanquished Creatures (collateral kills)
  A jackal (D:2)
1 creature vanquished.

Grand Total: 79 creatures vanquished

Notes
Turn   | Place    | Note
-------+----------+-------------------------------------------
     0 | D:1      | Megalobster the Deep Elf Wizard began the quest for the Orb.
     0 | D:1      | Reached XP level 1. HP: 10/10 MP: 7/7
   295 | D:1      | Reached XP level 2. HP: 15/15 MP: 5/9
   509 | D:1      | Learned a level 2 spell: Call Imp
   638 | D:1      | You fall through a shaft!
   742 | D:2      | Found an opulent altar of Gozag.
   886 | D:1      | Reached XP level 3. HP: 19/19 MP: 4/11
   945 | D:1      | Learned a level 3 spell: Mephitic Cloud
  1726 | D:2      | Reached skill level 1 in Air Magic
  1765 | D:2      | Reached skill level 5 in Spellcasting
  1765 | D:2      | Reached XP level 4. HP: 24/24 MP: 9/13
  1798 | D:2      | Learned a level 3 spell: Conjure Flame
  1801 | D:2      | Learned a level 2 spell: Blink
  1804 | D:2      | Learned a level 2 spell: Slow
  3412 | D:3      | Reached XP level 5. HP: 28/28 MP: 3/14
  3711 | D:4      | Noticed Nico3ck's ghost (amateur GrFi)
  3729 | D:4      | Mangled by Nico3ck's ghost

Vault maps used:
D:1:      co_arrival_hexagon_in_a_hexagon, minmay_misc_feat_rows
D:2:      grunt_gozag_breadcrumbs
D:3:      first_bread
D:4:      overflow_temple_1_default, marbit_many_paths,
          gammafunk_temple_overflow_statue, sigmund_army

Skill      XL: |  1  2  3  4  5 |
---------------+----------------+-----
Conjurations   | 2 3 |  3.5
Air Magic      | 1 2 |  2.1
Spellcasting   | 5 |  5.2
Summonings     | 2 |  2.4
Fighting       | |  0.1
Dodging        | |  2.4
Stealth        | |  2.8
Shields        | |  0.7
Translocations | |  1.1
Fire Magic     | |  0.4

Action                   |  1- 3 |  4- 6 || total
-------------------------+-------+-------++-------
Melee: Dagger            |     5 |     6 ||    11
       Short sword       |       |    12 ||    12
 Fire: Hunting sling     |       |    41 ||    41
Throw: Stone             |       |     2 ||     2
 Cast: Magic Dart        |    75 |    88 ||   163
       Call Imp          |     2 |     2 ||     4
       Mephitic Cloud    |       |    17 ||    17
       Slow              |       |     6 ||     6
       Conjure Flame     |       |     1 ||     1
  Use: Scroll            |       |     2 ||     2
  Eat: Chunk             |     2 |     5 ||     7
       Royal jelly       |       |     1 ||     1
Armor: Robe              |     8 |    15 ||    23
Dodge: Dodged            |    10 |    30 ||    40
Block: Shield            |     1 |       ||     1
